 Dungeon Crawl Stone Soup version 0.22.1-2-g9c5b331 (webtiles) character file.

3467 HerrDoktor the Spear-Bearer (level 10, -27/80 HPs)
             Began as a Merfolk Gladiator on Dec 23, 2018.
             Was a Priest of Cheibriados.
             Annihilated by a white ugly thing (34 damage)
             ... on level 7 of the Dungeon.
             The game lasted 00:40:10 (8636 turns).

HerrDoktor the Spear-Bearer (Merfolk Gladiator)     Turns: 8636, Time: 00:40:11

Health: -27/80     AC:  8    Str: 26    XL:     10   Next: 6%
Magic:  7/10       EV: 21    Int: 15    God:    Cheibriados [***...]
Gold:   319        SH:  0    Dex: 24    Spells: 7/9 levels left

rFire    . . .     SeeInvis .   a - +1 trident
rCold    . . .     Gourm    +   (no shield)
rNeg     . . .     Faith    .   n - +1 steam dragon scales
rPois    .         Spirit   .   c - +0 helmet
rElec    .         Reflect  .   (no cloak)
rCorr    .         Harm     .   o - +0 pair of gloves
MR       .....                  (no boots)
Stlth    +++.......             r - amulet of the gourmand
HPRegen  0.23/turn              (no ring)
MPRegen  0.12/turn              (no ring)

@: very slow
A: change form in water, swift swim, stealthy swim
a: Bend Time, Temporal Distortion, Renounce Religion


You were on level 7 of the Dungeon.
You worshipped Cheibriados.
Cheibriados was most pleased with you.
You were not hungry.

You visited 1 branch of the dungeon, and saw 7 of its levels.

You collected 319 gold pieces.

Inventory:

Hand Weapons
 a - a +1 trident (weapon)
Missiles
 d - 4 throwing nets
 e - 147 stones
 l - 9 tomahawks (quivered)
 q - 41 arrows
 t - 2 tomahawks of returning
 u - 17 bolts
Armour
 b - a +0 leather armour
 c - a +0 helmet (worn)
 n - +1 steam dragon scales (worn)
 o - a +0 pair of gloves (worn)
Jewellery
 r - an amulet of the gourmand (around neck)
 w - an uncursed amulet of magic regeneration {unknown}
 y - an uncursed amulet of rage {unknown}
Scrolls
 g - a scroll of teleportation
 h - 3 scrolls of remove curse
 j - 3 scrolls of random uselessness
 m - a scroll of amnesia {unknown}
 B - a scroll of fog
Potions
 i - a potion of agility
 k - a potion of invisibility
 p - 2 potions of cancellation
 s - 4 potions of might
 v - a potion of heal wounds {unknown}
 x - a potion of lignification {unknown}
 z - a potion of haste {unknown}
 A - 2 potions of curing {unknown}
Comestibles
 f - 10 rations


   Skills:
 * Level 7.9 Fighting
 + Level 12.9 Polearms
 + Level 4.0 Throwing
 + Level 0.6 Armour
 + Level 9.5 Dodging
 - Level 3.0 Stealth
 + Level 0.4 Spellcasting
 + Level 1.4 Transmutations


You had 7 spell levels left.
You knew the following spells:

 Your Spells              Type           Power        Failure   Level  Hunger
a - Sticks to Snakes      Tmut           #.......     22%         2    ###....

Your spell library contained the following spells:

 Spells                   Type           Power        Failure   Level  Hunger
 Beastly Appendage        Tmut           #.....       14%         1    ##.....
 Magic Dart               Conj           #...         26%         1    ##.....
 Shock                    Conj/Air       #...         26%         1    ##.....
 Searing Ray              Conj           #.....       36%         2    ###....
 Swiftness                Chrm/Air       #.......     36%         2    ###....
 Spider Form              Tmut/Pois      #.........   52%         3    ####...
 Dazzling Spray           Conj/Hex       #.....       61%         3    ####...
 Static Discharge         Conj/Air       #.......     61%         3    ####...
 Ice Form                 Ice/Tmut       #.......     89%         4    #####..
 Airstrike                Air            #.........   95%         4    #####..
 Force Lance              Conj/Tloc      #.......     95%         4    #####..
 Fulminant Prism          Conj/Hex       #.........   95%         4    #####..
 Iskenderun's Mystic Bla  Conj           #.......     95%         4    #####..
 Blade Hands              Tmut           #.........   99%         5    ######.
 Lightning Bolt           Conj/Air       #.........   100%        5    ######.


Dungeon Overview and Level Annotations

Branches:
Dungeon (7/15)             Temple (0/1) D:7

Altars:
Ashenzari
Cheibriados
Kikubaaqudgha
Makhleb
Nemelex Xobeh
Qazlal
Sif Muna
Xom

Shops:
D:7 (

Annotations:
D:2 Sigmund


Message History

The white ugly thing is too close now for your liking.
Casting: Sticks to Snakes (safe; 22% risk of failure)
Confirm with . or Enter, or press ? or * to list all spells.
Okay, then.
The flow of time bends around you.
The white ugly thing easily resists.
You feel slightly more hungry.
A kobold demonologist comes into view. It is wielding a dagger.
The white ugly thing engulfs you! The white ugly thing freezes you!!
You are too injured to fight recklessly!
You are too injured to fight recklessly!
You are too injured to fight recklessly!
You barely miss the white ugly thing. The white ugly thing engulfs you.
The white ugly thing freezes you!!
* * * LOW HITPOINT WARNING * * *
You puncture the white ugly thing!
The white ugly thing is moderately wounded.
The white ugly thing engulfs you!
* * * LOW HITPOINT WARNING * * *
The white ugly thing freezes you!!
You die...

...# ###.....#......... ...#
########......##.........
...######........................
..........###'###.....###'###....
...####..##.....##...##..#####...
.....#..##.#####.##.##.####..##..
...#.#.##.## .K##.###.###..##.##.
####...#.## #u##.##.##.#####.#.
##..#.# #@#.###.#.#..##.#. #..+.#
#.##'##.##.##.##'. #..#.#
##.##.##..#.#.###. ##..#.#
##.#.#####.##.##. ####>..##.
##.###.##..###.##.
#.......##.#####)## ##..####.##..
#........##.....## #####..##...
#.........###'### ###'###....
#........##..#..## ##..#.)##...


You could see a white ugly thing and a kobold demonologist.

Vanquished Creatures
  A kobold demonologist (D:7)
  Eustachio (D:5)
  2 hungry ghosts (D:7)
  Menkaure (D:6)
  An orc warrior (D:7)
  An ice beast (D:6)
  4 sky beasts
  A necrophage (D:7)
  A phantom (D:7)
  2 black bears
  5 ogres
  A centaur (D:6)
  Blork the orc (D:5)
  A gnoll sergeant (D:5)
  A bullfrog zombie (D:6)
  A crimson imp (D:5)
  8 hounds
  A jelly (D:5)
  5 orc priests
  5 orc wizards
  2 iguanas
  5 worker ants
  A hound zombie (D:6)
  A hound skeleton (D:5)
  2 howler monkey skeletons
  14 adders
  6 gnolls
  2 shadow imps
  An adder zombie (D:7)
  5 worms
  2 dart slugs (D:2)
  3 leopard geckos
  21 orcs
  2 ball pythons
  3 bats
  2 giant cockroaches
  A hobgoblin (D:3)
  2 jackals (D:3)
  5 kobolds
  2 quokkas
  7 frilled lizards
  5 goblins
  A leopard gecko skeleton (D:7)
  7 rats
146 creatures vanquished.

Notes
Turn   | Place    | Note
-------+----------+-------------------------------------------
     0 | D:1      | HerrDoktor the Merfolk Gladiator began the quest for the
                  | Orb.
     0 | D:1      | Reached XP level 1. HP: 16/16 MP: 1/1
   772 | D:2      | Reached XP level 2. HP: 23/23 MP: 2/2
   806 | D:2      | Reached skill level 5 in Polearms
   810 | D:2      | Noticed Sigmund
  1077 | D:2      | Reached XP level 3. HP: 28/28 MP: 3/3
  1442 | D:3      | Reached XP level 4. HP: 29/34 MP: 4/4
  1449 | D:3      | Reached skill level 1 in Stealth
  1564 | D:3      | Reached skill level 6 in Polearms
  1908 | D:3      | Reached skill level 5 in Dodging
  1908 | D:3      | Reached XP level 5. HP: 36/40 MP: 5/5
  2419 | D:3      | Found an ancient bone altar of Kikubaaqudgha.
  2425 | D:3      | Found a deep blue altar of Sif Muna.
  2463 | D:3      | Found a snail-covered altar of Cheibriados.
  2470 | D:3      | Became a worshipper of Cheibriados the Contemplative
  2740 | D:3      | Found a stormy altar of Qazlal.
  2818 | D:3      | Found a shimmering altar of Xom.
  3087 | D:4      | Reached XP level 6. HP: 40/47 MP: 6/6
  3203 | D:4      | Reached skill level 7 in Polearms
  3671 | D:4      | Reached * piety under Cheibriados
  3671 | D:4      | Reached skill level 8 in Polearms
  3671 | D:4      | Reached XP level 7. HP: 52/52 MP: 7/7
  3966 | D:4      | Learned a level 2 spell: Sticks to Snakes
  4287 | D:5      | Entered Level 5 of the Dungeon
  4322 | D:5      | Found a burning altar of Makhleb.
  4555 | D:5      | Reached skill level 9 in Polearms
  4578 | D:5      | Noticed Eustachio
  4622 | D:5      | Killed Eustachio
  4739 | D:5      | Noticed Blork the orc
  4753 | D:5      | Killed Blork the orc
  4753 | D:5      | Reached XP level 8. HP: 48/60 MP: 8/8
  5342 | D:5      | Reached skill level 10 in Polearms
  5482 | D:5      | Found a sparkling altar of Nemelex Xobeh.
  5641 | D:6      | Noticed Menkaure
  6089 | D:5      | Reached ** piety under Cheibriados
  6428 | D:6      | Reached skill level 11 in Polearms
  6704 | D:6      | Reached skill level 5 in Fighting
  7033 | D:6      | Reached XP level 9. HP: 68/68 MP: 9/9
  7187 | D:6      | Found a shattered altar of Ashenzari.
  7417 | D:6      | Killed Menkaure
  7779 | D:7      | Reached skill level 12 in Polearms
  7830 | D:7      | Reached skill level 1 in Transmutations
  7833 | D:7      | Reached *** piety under Cheibriados
  8419 | D:7      | Noticed a kobold demonologist
  8424 | D:7      | Noticed a hellwing
  8430 | D:7      | Killed a kobold demonologist
  8436 | D:7      | Noticed a white ugly thing
  8520 | D:7      | Found Zaw Niat's Antique Weapon Boutique.
  8547 | D:7      | Reached XP level 10. HP: 80/80 MP: 10/10
  8580 | D:7      | Found a staircase to the Ecumenical Temple.
  8634 | D:7      | Noticed a kobold demonologist
  8636 | D:7      | Annihilated by a white ugly thing

Skill      XL: |  1  2  3  4  5  6  7  8  9 10 |
---------------+-------------------------------+-----
Polearms       | 5 6 8 9 11 12 | 12.9
Stealth        | 1 2 3 |  3.0
Dodging        | 5 6 7 8 9 |  9.5
Fighting       | 3 4 5 7 |  7.9
Throwing       | 3 4 |  4.0
Transmutations | 1 |  1.4
Armour         | |  0.6
Spellcasting   | |  0.4

Action                   |  1- 3 |  4- 6 |  7- 9 | 10-12 || total
-------------------------+-------+-------+-------+-------++-------
Melee: Trident           |    90 |   206 |   421 |    12 ||   729
Throw: Tomahawk          |       |     5 |    29 |       ||    34
 Cast: Sticks to Snakes  |       |       |     2 |       ||     2
Invok: Bend Time         |       |       |       |     1 ||     1
  Use: Potion            |     2 |     2 |       |       ||     4
       Scroll            |     2 |     2 |    11 |       ||    15
 Stab: Sleeping          |     2 |     2 |     9 |       ||    13
  Eat: Chunk             |     1 |     5 |    14 |       ||    20
       Ration            |       |     1 |       |     1 ||     2
Armor: Leather armour    |    16 |       |       |       ||    16
       Steam dragon scal |     3 |    50 |    67 |     3 ||   123
Dodge: Dodged            |    51 |   173 |   250 |     2 ||   476
